 Dungeon Crawl Stone Soup version 0.25-a0-413-g3b4b6a4ccc (webtiles) character file.

Game seed: 13303956273318930437, levelgen mode: deterministic

0 MrRokkomies the Ducker (level 1, -8/11 HPs)
             Began as a Spriggan Abyssal Knight on Jan 17, 2020.
             Was a Follower of Lugonu.
             Killed from afar by a white imp (10 damage)
             ... with a puff of frost
             ... on level 2 of the Abyss.
             The game lasted 00:01:06 (166 turns).

MrRokkomies the Ducker (Spriggan Abyssal Knight)     Turns: 166, Time: 00:01:07

Health: -8/11      AC:  4    Str:  8    XL:     1   Next: 0%
Magic:  3/3        EV: 18    Int: 13    God:    Lugonu [*.....]
Gold:   16         SH:  0    Dex: 15    Spells: 0/0 levels left

rFire    . . .     SeeInvis +   e - +0 arbalest
rCold    . . .     Gourm    .   (shield currently unavailable)
rNeg     . . .     Faith    .   b - +0 robe
rPois    .         Spirit   .   (helmet restricted)
rElec    .         Reflect  .   h - +1 cloak
rCorr    .         Harm     .   (gloves unavailable)
MR       .....                  (boots unavailable)
Stlth    +.........             (no amulet)
HPRegen  0.03/turn              (no ring)
MPRegen  0.08/turn              (no ring)

@: very quick
A: very small, unfitting armour, see invisible, herbivore, speed 3, slow
metabolism 2
a: Depart the Abyss, Renounce Religion


You were on level 2 of the Abyss.
You worshipped Lugonu.
Lugonu was aware of your devotion.
You were not hungry.

You visited 0 branches of the dungeon, and saw 0 of its levels.
You visited the Abyss 1 time.

You collected 16 gold pieces.

Inventory:

Hand Weapons
 a - a +1 short sword
 e - a +0 arbalest (weapon)
Missiles
 f - 12 bolts (quivered)
Armour
 b - a +0 robe (worn)
 h - a +1 cloak (worn)
Scrolls
 d - 2 scrolls of identify {unknown}
Potions
 g - a potion of haste {unknown}
Comestibles
 c - a ration


   Skills:
 + Level 2.4 Fighting
 + Level 2.1 Short Blades
 + Level 3.5 Dodging
 + Level 1.7 Invocations


You couldn't memorise any spells.
You didn't know any spells.
Your spell library was empty.

Dungeon Overview and Level Annotations

Branches:
Dungeon (0/15)

Altars:


Innate Abilities, Weirdness & Mutations

You are very small and have problems with some larger weapons.
You are too small for most types of armour.
You have supernaturally acute eyesight. (SInv)
You are a herbivore.
You cover ground extremely quickly.
You need to consume almost no food.


Message History

Aim: a white imp You shoot a bolt.
The bolt completely misses the white imp.
The white imp gestures at you. The puff of frost hits you.
The white imp completely misses you.
Found a trident.
The white imp gestures at you. The puff of frost hits you.
* * * LOW HITPOINT WARNING * * *
Firing (i - inventory)
f - 13 bolts (quivered)
Press: ? - help, Shift-Dir - straight line, f/p - white imp
Aim: a white imp You shoot a bolt.
The bolt completely misses the white imp.
You hear a shout!
The white imp gestures at you. The puff of frost hits you!
Ouch! That really hurt!
You die...

## # #. .# #
###. .#) ...
... #.###.#.#
## #(@#...#
#.....#..# # #
#..#....5..###
# #..###(#.#.#
#...#..#.##.#
## ...#......#
.##.#
#...#.####...#
#
.#.#..#.....#
### ..#.
###......#


You could see a white imp.

Vanquished Creatures (others)
  4 starspawn tentacles (Abyss:2)
4 creatures vanquished.

Notes
Turn   | Place    | Note
-------+----------+-------------------------------------------
     0 | Abyss:1  | MrRokkomies the Spriggan Abyssal Knight began the quest for
                  | the Orb.
     0 | Abyss:1  | Reached XP level 1. HP: 11/11 MP: 3/3
    44 | Abyss:2  | Found a corrupted altar of Lugonu.
    58 | Abyss:2  | Noticed a tentacled starspawn
   108 | Abyss:2  | Noticed an apocalypse crab
   117 | Abyss:2  | Noticed a hellwing
   145 | Abyss:2  | Noticed a ynoxinul
   166 | Abyss:2  | Killed from afar by a white imp

Levels and vault maps discovered:
Abyss:2

Action                   || total
-------------------------++-------
 Fire: Arbalest          ||     2
Dodge: Dodged            ||     1

Table legend:
 A = Non-vault XP
 B = Vault XP
 C = Vault XP percentage of total XP
 D = Non-vault monster count
 E = Vault monster count
 F = Vault count percentage of total count
                 A         B        C        D         E       F
            +---------+---------+-------+---------+---------+-------
      Total |       0 |       0 |   N/A |       0 |       0 |  -nan
            +---------+---------+-------+---------+---------+-------
            +---------+---------+-------+---------+---------+-------
